 Dungeon Crawl Stone Soup version 0.26.0-10-g1f06aea511 (webtiles) character file.

Game seed: 8707317056809757705

31712 Aviak the Fighter (level 13, -1/95 HPs)
             Began as an Octopode Transmuter on Jan 14, 2021.
             Was an Initiate of Gozag.
             Slain by a yak (4 damage)
             ... led by a torpor snail
             ... while petrified by a basilisk
             ... on level 5 of the Lair of Beasts.
             The game lasted 00:31:25 (23866 turns).

Aviak the Fighter (Octopode Transmuter)            Turns: 23866, Time: 00:31:26

Health: -1/95      AC:  4    Str: 10    XL:     13   Next: 59%
Magic:  22/22      EV:  2    Int: 18    God:    Gozag
Gold:   2496       SH:  0    Dex: 20    Spells: 1/24 levels left

rFire    + . .     SeeInvis .     - Unarmed
rCold    + + +     Faith    .   I - +1 kite shield {AC+3}
rNeg     + + +     Spirit   .   (helmet restricted)
rPois    ∞         Reflect  +   y - amulet of reflection
rElec    .         Harm     .   b - +6 ring of dexterity
rCorr    .         Rampage  .   O - ring of wizardry
Will     .....                  H - ring of flight
Stlth    ++++......             G - ring "Gismusit" {*Slow +Fly rF+ rC+++ Stlth+}
HPRegen  0.25/turn              E - +4 ring of evasion
MPRegen  0.18/turn              C - ring of protection from cold
                                (no ring)
                                (no ring)

@: petrified
A: almost no armour, stealthy swim, amphibious, 8 rings, constrict 8, camouflage
1, gelatinous body 1
a: Renounce Religion, Evoke Flight, Potion Petition, Call Merchant, Bribe Branch


You were on level 5 of the Lair of Beasts.
You worshipped Gozag.
Gozag was most pleased with you.
You visited 3 branches of the dungeon, and saw 17 of its levels.
You also visited: Bailey.

You collected 4109 gold pieces.
You spent 425 gold pieces at shops.
You paid 1188 gold pieces to Gozag.

Inventory:

Armour
 I - a +1 kite shield of protection (worn)
 L - a +1 buckler of protection
Magical Staves
 u - an uncursed staff of fire {rF+}
Jewellery
 b - a +6 ring of dexterity (left tentacle)
 i - an uncursed amulet of guardian spirit {unknown}
 y - an amulet of reflection (around mantle)
 C - a ring of protection from cold (on tentacle)
 E - a +4 ring of evasion (on tentacle)
 G - the ring "Gismusit" (on tentacle) {*Slow +Fly rF+ rC+++ Stlth+}
   (You found it on level 9 of the Dungeon)

   [ring of protection from fire]

   It protects you from fire.
   It renders you almost immune to cold.
   It lets you fly.
   It may slow you when you take damage.
   It makes you more stealthy.
 H - a ring of flight (on tentacle)
 M - an uncursed amulet of magic regeneration
 O - a ring of wizardry (right tentacle)
Wands
 a - a wand of digging (1)
 h - a wand of iceblast (8)
 m - a wand of flame (44)
 v - a wand of paralysis (1)
 w - a wand of acid (4)
 J - a wand of polymorph (7)
 P - a wand of disintegration (13)
Scrolls
 e - 3 scrolls of enchant armour
 g - 3 scrolls of amnesia
 k - 3 scrolls of magic mapping
 o - 4 scrolls of fog
 r - 14 scrolls of remove curse
 t - 7 scrolls of teleportation
 x - 3 scrolls of blinking
 A - 2 scrolls of torment {!r}
 F - 5 scrolls of fear
 K - 2 scrolls of holy word
Potions
 c - 6 potions of curing
 d - 4 potions of flight
 f - 2 potions of brilliance {unknown}
 j - 3 potions of magic
 l - 4 potions of heal wounds {unknown}
 n - 5 potions of might
 p - 5 potions of resistance
 q - 2 potions of degeneration {unknown}
 s - 4 potions of mutation {unknown}
 z - 2 potions of lignification {unknown}
 B - a potion of cancellation {unknown}
 D - 2 potions of attraction {unknown}
 N - a potion of invisibility


   Skills:
 + Level 11.1 Fighting
 + Level 9.7 Dodging
 * Level 8.7 Shields
 - Level 8.4 Unarmed Combat
 - Level 6.0 Spellcasting
 + Level 8.6 Transmutations
 - Level 3.0 Ice Magic
 - Level 4.1 Earth Magic
 - Level 5.3 Poison Magic
 - Level 5.2 Evocations


You had one spell level left.
You knew the following spells:

 Your Spells              Type           Power        Failure   Level
a - Beastly Appendage     Tmut           72%          1%          1
b - Wereblood             Tmut           36%          1%          2
c - Spider Form           Tmut/Pois      15%          1%          3
d - Blade Hands           Tmut           18%          9%          5
e - Ice Form              Ice/Tmut       26%          10%         4
f - Poisonous Vapours     Pois/Air       30%          5%          2
g - Olgreb's Toxic Radia  Pois           24%          12%         4
h - Passwall              Tmut/Erth      23%          1%          2

Your spell library contained the following spells:

 Spells                   Type           Power        Failure   Level
 Sandblast                Erth           40%          1%          1
 Sting                    Tmut/Pois      100%         1%          1
 Foxfire                  Conj/Fire      20%          11%         1
 Ignite Poison            Fire/Tmut/Pois 22%          4%          3
 Petrify                  Tmut/Erth      28%          8%          4
 Stone Arrow              Conj/Erth      24%          14%         3
 Mephitic Cloud           Conj/Pois/Air  11%          16%         3
 Conjure Flame            Conj/Fire      5%           30%         3
 Inner Flame              Hex/Fire       5%           30%         3
 Lee's Rapid Deconstruct  Erth           10%          45%         5
 Sticky Flame             Conj/Fire      5%           67%         4
 Fireball                 Conj/Fire      2%           94%         5
 Freezing Cloud           Conj/Ice/Air   4%           100%        6


Dungeon Overview and Level Annotations

Branches:
Dungeon (10/15)            Temple (1/1) D:4            Lair (6/6) D:10
 Shoals (0/4) Lair:3        Snake (0/4) Lair:3       Bailey (visited)
  Slime: Lair:5-6       Orc: D:9-12

Altars:
Ashenzari
Cheibriados
Dithmenos
Elyvilon
Fedhas
Gozag
Hepliaklqana
Kikubaaqudgha
Makhleb
Nemelex Xobeh
Okawaru
Qazlal
Ru
Sif Muna
Trog
Uskayaw
Vehumet
Wu Jian
Xom
Yredelemnul
Zin
The Shining One

Shops:
D:5 *   D:8 (   D:9 ?

Annotations:
D:7 Harold


Innate Abilities, Weirdness & Mutations

You cannot wear most types of armour.
You are very stealthy in the water. (Stealth+)
You are amphibious.
You can wear up to eight rings at the same time.
You can use your tentacles to constrict eight enemies at once.
Your skin changes colour to match your surroundings (Stealth+).
Your rubbery body absorbs attacks. (AC +1, EV +1)


Message History

The yak gores you! x2; The yak gores you but does no damage.
The yak gores you! x2; The yak barely misses you.
The yak gores you. The yak gores you! The yak gores you but does no damage.
The yak gores you!
The yak gores you but does no damage. x2
The yak gores you. The yak gores you! x6
* * * LOW HITPOINT WARNING * * *
The yak gores you. The yak gores you but does no damage. The yak gores you.
The yak gores you but does no damage. The yak gores you!
* * * LOW HITPOINT WARNING * * *
The yak gores you!
* * * LOW HITPOINT WARNING * * *
The yak gores you!
* * * LOW HITPOINT WARNING * * *
The yak gores you!
* * * LOW HITPOINT WARNING * * *
The yak gores you!
* * * LOW HITPOINT WARNING * * *
The yak gores you!
You die...
Your body crumbles into a pile of gold.

#..###P.....................#
.#..#......................##
.................##.......##
#...............##.........#
.###............##.........#
## ##...........P###...#.###
##............# #######
#............Y##
##..........Y@.#
##..........Y## #
##...........#### #
#...............## #
###.............)# #
##.......#...#..# #
##.........#....## #
##...#.....#.#....#
####.........P......##


You could see 3 yaks.

Vanquished Creatures
  3 hydras
  A two-headed ogre (D:8)
  3 death yaks (Lair:4)
  An orc high priest (Bailey)
  An unseen horror (D:10)
  Pikel (D:5)
  An orc knight (Bailey)
  A merfolk siren (Lair:3)
  10 cane toads
  3 black mambas
  2 rime drakes (Lair:4)
  A kobold demonologist (Bailey)
  7 komodo dragons
  A polar bear (Lair:5)
  A troll (D:10)
  3 merfolk (Lair:3)
  Grinder (D:6)
  7 blink frogs
  4 dream sheep (Lair:4)
  A meliai zombie (D:7)
  2 wyverns (Lair:2)
  34 yaks
  2 nagas (Lair:3)
  Duvessa (D:7)
  12 water moccasins
  2 ice beasts
  17 orc warriors
  3 black bears
  5 ogres
  A phantom (D:4)
  A necrophage (D:6)
  A sky beast (D:9)
  12 wolves
  5 centaurs
  18 bullfrogs
  A wyvern zombie (D:10)
  Dowan (D:7)
  4 scorpions
  8 wights
  A water moccasin skeleton (D:5)
  6 howler monkeys
  6 electric eels
  3 vampire bats (D:9)
  A centaur zombie (D:7)
  2 jellies
  Crazy Yiuf (D:5)
  2 bullfrog skeletons
  6 orc priests
  3 hounds
  8 orc wizards
  A centaur skeleton (D:5)
  Jessica (D:3)
  10 worker ants
  6 hell rats (Lair:2)
  A killer bee zombie (D:7)
  A hound skeleton (D:4)
  9 gnolls
  16 river rats (Lair:2)
  15 adders
  2 shadow imps
  A white imp (D:8)
  2 ufetubi
  2 oozes
  An adder skeleton (D:7)
  3 worms
  5 dart slugs
  8 leopard geckos
  35 orcs
  A ball python (D:6)
  5 bat skeletons (D:9)
  2 bat zombies (D:9)
  6 giant cockroaches
  12 goblins
  13 hobgoblins
  14 jackals
  11 quokkas
  9 bats
  A frilled lizard (D:1)
  A giant cockroach zombie (D:6)
  7 kobolds
  A leopard gecko skeleton (D:6)
  A leopard gecko zombie (D:6)
  A quokka skeleton (D:6)
  16 rats
442 creatures vanquished.

Vanquished Creatures (others)
  27 fungi
  31 plants
58 creatures vanquished.

Grand Total: 500 creatures vanquished

Notes
Turn   | Place    | Note
-------+----------+-------------------------------------------
     0 | D:1      | Aviak the Octopode Transmuter began the quest for the Orb.
     0 | D:1      | Reached XP level 1. HP: 13/13 MP: 3/3
   339 | D:1      | Reached XP level 2. HP: 14/18 MP: 3/5
   814 | D:1      | Reached skill level 2 in Fighting
   830 | D:1      | Reached XP level 3. HP: 24/24 MP: 6/6
   833 | D:1      | Learned a level 2 spell: Wereblood
   837 | D:1      | Learned a level 3 spell: Spider Form
  1725 | D:2      | Reached XP level 4. HP: 30/30 MP: 7/7
  2127 | D:2      | Found a faded altar of an unknown god.
  2681 | D:3      | Reached skill level 3 in Fighting
  2790 | D:3      | Noticed a bullfrog
  2796 | D:3      | Killed a bullfrog
  2797 | D:3      | Reached skill level 1 in Poison Magic
  2797 | D:3      | Reached XP level 5. HP: 19/36 MP: 6/8
  3018 | D:3      | Found a bloodstained altar of Trog.
  3102 | D:3      | Reached XP level 6. HP: 33/42 MP: 9/9
  3590 | D:3      | Noticed Jessica
  3605 | D:3      | Killed Jessica
  3669 | D:3      | Found a sacrificial altar of Ru.
  4247 | D:4      | Found a broken altar of Ashenzari.
  4270 | D:4      | Found a staircase to the Ecumenical Temple.
  4290 | Temple   | Entered the Ecumenical Temple
  4569 | Temple   | Became a worshipper of Gozag Ym Sagoz the Greedy
  4889 | D:4      | Found a blossoming altar of Fedhas.
  4974 | D:4      | Reached skill level 5 in Transmutations
  5025 | D:4      | Found a shadowy altar of Dithmenos.
  5025 | D:4      | Noticed a phantom
  5084 | D:4      | Killed a phantom
  5085 | D:4      | Reached XP level 7. HP: 19/46 MP: 5/10
  5769 | D:5      | Entered Level 5 of the Dungeon
  5809 | D:5      | Found Roseirpho's Elemental Accessories.
  5826 | D:5      | Bought a wand of iceblast (7) for 154 gold pieces
  6055 | D:5      | Noticed Pikel
  6094 | D:5      | Killed Pikel
  6095 | D:5      | Reached XP level 8. HP: 52/52 MP: 8/11
  6574 | D:5      | Reached skill level 1 in Evocations
  6630 | D:5      | Found a glowing golden altar of the Shining One.
  7211 | D:5      | Found a runed translucent door.
  7212 | D:5      | Noticed Crazy Yiuf
  7302 | D:5      | Killed Crazy Yiuf
  7705 | D:6      | Found a hazy altar of Hepliaklqana.
  7973 | D:6      | Reached skill level 4 in Fighting
  8205 | D:6      | Reached XP level 9. HP: 56/58 MP: 9/12
  8634 | D:6      | Noticed Grinder
  8646 | D:6      | Paralysed by Grinder for 6 turns
  8653 | D:6      | Killed Grinder
  8746 | D:6      | Found a shimmering blue altar of Sif Muna.
  8950 | D:6      | Reached skill level 5 in Fighting
  8950 | D:6      | Reached skill level 5 in Unarmed Combat
  9254 | D:7      | Noticed Duvessa
  9254 | D:7      | Noticed Dowan
  9362 | D:7      | Learned a level 5 spell: Blade Hands
  9472 | D:7      | Killed Duvessa
  9475 | D:7      | Killed Dowan
  9924 | D:7      | Reached skill level 6 in Fighting
 10029 | D:7      | Found a white marble altar of Elyvilon.
 10289 | D:7      | Noticed Harold
 10425 | D:8      | Found a basalt altar of Yredelemnul.
 10567 | D:8      | Reached XP level 10. HP: 55/68 MP: 10/14
 10651 | D:8      | Found a flagged portal.
 10660 | Bailey   | Entered a bailey
 11049 | Bailey   | Noticed an orc high priest
 11049 | Bailey   | Noticed a kobold demonologist
 11051 | Bailey   | Noticed an orange demon
 11051 | Bailey   | Noticed a smoke demon
 11057 | Bailey   | Noticed an orange demon
 11057 | Bailey   | Noticed a rust devil
 11058 | Bailey   | Killed an orc high priest
 11059 | Bailey   | Reached skill level 7 in Fighting
 11067 | Bailey   | Killed a kobold demonologist
 11256 | Bailey   | Found an iron altar of Okawaru.
 11275 | Bailey   | Noticed an orc knight
 11306 | Bailey   | Killed an orc knight
 11655 | Bailey   | Reached skill level 5 in Spellcasting
 11851 | Bailey   | Reached skill level 8 in Fighting
 11862 | Bailey   | Acquired an uncursed ring of wizardry
 12048 | D:8      | Found a sparkling altar of Nemelex Xobeh.
 12109 | D:8      | Learned a level 2 spell: Poisonous Vapours
 12114 | D:8      | Learned a level 4 spell: Ice Form
 12163 | D:8      | Found Diungiske's Weapon Emporium.
 12271 | D:8      | Noticed a two-headed ogre
 12280 | D:8      | Killed a two-headed ogre
 12281 | D:8      | Reached XP level 11. HP: 62/78 MP: 13/19
 12386 | D:8      | Learned a level 4 spell: Olgreb's Toxic Radiance
 12513 | D:9      | Got a scintillating marble ring
 12537 | D:9      | Identified the ring "Gismusit" {*Slow +Fly rF+ rC+++
                  | Stlth+} (You found it on level 9 of the Dungeon)
 12934 | D:9      | Acquired a +1 kite shield of protection
 13059 | D:9      | Found an ancient bone altar of Kikubaaqudgha.
 13071 | D:9      | Reached skill level 1 in Ice Magic
 13274 | D:9      | Found a stormy altar of Qazlal.
 13277 | D:9      | Bought a scroll of blinking for 127 gold pieces
 13277 | D:9      | Bought a scroll of identify for 34 gold pieces
 13277 | D:9      | Bought a scroll of fear for 59 gold pieces
 13277 | D:9      | Bought a scroll of teleportation for 51 gold pieces
 13301 | D:10     | Entered Level 10 of the Dungeon
 13322 | D:10     | Found a staircase to the Lair.
 14531 | D:10     | Reached skill level 9 in Fighting
 14653 | D:10     | Killed an unseen horror
 14928 | Lair:1   | Entered Level 1 of the Lair of Beasts
 15301 | Lair:1   | Noticed a seven-headed hydra
 15313 | Lair:1   | Killed a seven-headed hydra
 15314 | Lair:1   | Reached skill level 5 in Poison Magic
 15609 | Lair:1   | Noticed a six-headed hydra
 15619 | Lair:1   | Killed a six-headed hydra
 15620 | Lair:1   | Reached skill level 1 in Shields
 15620 | Lair:1   | Reached XP level 12. HP: 18/86 MP: 17/21
 16520 | Lair:2   | Acquired a +1 buckler of protection
 17432 | Lair:2   | Reached skill level 10 in Fighting
 18436 | Lair:3   | Found a staircase to the Snake Pit.
 18451 | Lair:3   | Reached skill level 5 in Shields
 18531 | Lair:3   | Reached skill level 5 in Evocations
 18944 | Lair:3   | Found a staircase to the Shoals.
 19699 | Lair:3   | Learned a level 2 spell: Passwall
 19756 | Lair:4   | Reached skill level 1 in Earth Magic
 20111 | Lair:4   | Noticed a death yak
 20111 | Lair:4   | Noticed a death yak
 20111 | Lair:4   | Noticed a death yak
 20152 | Lair:4   | Killed a death yak
 20164 | Lair:4   | Killed a death yak
 20176 | Lair:4   | Killed a death yak
 20177 | Lair:4   | Reached XP level 13. HP: 62/93 MP: 2/22
 22522 | Lair:5   | You fall into a shaft and drop 1 floor!
 22522 | Lair:6   | Entered Level 6 of the Lair of Beasts
 22554 | Lair:6   | Reached skill level 11 in Fighting
 23866 | Lair:5   | HP: 3/95 [yak[a torpor snail] (3)]
 23866 | Lair:5   | Slain by a yak

Illustrated notes

Levels and vault maps discovered:
D:1:      lightli_arrival_farm, layout_basic
D:2:      layout_basic, chequers_ecumenical_altar_grove, serial_forest,
          infiniplex_forest_zigzag_1, infiniplex_forest_clump_tiny,
          infiniplex_forest_clump_curved, infiniplex_forest_lined_room_3,
          infiniplex_forest_straight_4, infiniplex_forest_diagonal,
          infiniplex_forest_lined_corner
D:3:      layout_basic, nicolae_overflow_hidden_temple,
          nicolae_ru_path_of_blood, minivault_23, uniq_jessica
D:4:      layout_basic, general_overflow_altar, kennysheep_little_box,
          minmay_temple_entry_junction, minmay_liquid_box,
          grunt_dithmenos_shadows
D:5:      minmay_spotlight, layout_layer_cave, tso_metal_star,
          nicolae_elemental_shop, solitary_fountain, uniq_crazy_yiuf_cottage,
          uniq_pikel
D:6:      layout_basic, nzn_hepliaklqana_mist_gate, tgw_sif, uniq_grinder
D:7:      layout_rooms, lemuel_crystal_altar, uniq_duvessa, uniq_harold
D:8:      layout_gridville, old_standard_altar, kennysheep_mini_moat,
          serial_shops, shop, enter_bailey_6, mrwooster_statue_mirror
D:9:      layout_cave_pools, kennysheep_vampire_church,
          lemuel_coloured_pillars_altar
D:10:     layout_gridville, due_lair_maze_entry_diamond
Temple:   dpeg_chambers_temple
Lair:1:   layout_big_grid, chequers_serial_rivers_micro_c, grunt_megastairs_5,
          infiniplex_staircase_pool, lemuel_fruit_fields
Lair:2:   lemuel_ratsnest, layout_cellular_growth, minivault_24,
          serial_bayou_shore_b
Lair:3:   layout_cave_pods, elwin_shoals_entry_stream,
          minmay_snake_entry_guardpost_small
Lair:4:   layout_regular_city
Lair:5:   layout_cave_pods
Lair:6:   hangedman_lair_in_review, layout_hall_layers, minmay_slime_entry_eyes,
          minivault_26, serial_bayou_shore_a

Skill      XL: |  1  2  3  4  5  6  7  8  9 10 11 12 13 |
---------------+----------------------------------------+-----
Fighting       | 2 3 4 6 8 9 10 11 | 11.1
Transmutations | 3 4 5 6 7 8 |  8.6
Poison Magic   | 1 2 5 |  5.3
Dodging        | 3 4 6 7 9 |  9.7
Evocations     | 2 3 5 |  5.2
Unarmed Combat | 4 6 8 |  8.4
Spellcasting   | 5 6 |  6.0
Ice Magic      | 3 |  3.0
Shields        | 1 6 8 |  8.7
Earth Magic    | 2 4 |  4.1

Action                   |  1- 3 |  4- 6 |  7- 9 | 10-12 | 13-15 || total
-------------------------+-------+-------+-------+-------+-------++-------
Melee: Unarmed           |    76 |   158 |   305 |   482 |   165 ||  1186
       Constrict         |    27 |    36 |    46 |    81 |    21 ||   211
       Tentacles         |    12 |    31 |    55 |    88 |    45 ||   231
       Kick              |     5 |    16 |       |       |     4 ||    25
       Punch             |       |     3 |     6 |    25 |    10 ||    44
 Cast: Beastly Appendage |     6 |    10 |       |     1 |     1 ||    18
       Spider Form       |       |     5 |    15 |     3 |       ||    23
       Blade Hands       |       |       |     1 |    42 |    18 ||    61
       Wereblood         |       |       |     1 |     7 |     2 ||    10
       Ice Form          |       |       |       |     2 |       ||     2
       Olgreb's Toxic Ra |       |       |       |     7 |       ||     7
Invok: Call Merchant     |       |       |       |     1 |       ||     1
       Potion Petition   |       |       |       |     1 |       ||     1
 Abil: End Transformatio |       |       |     1 |       |       ||     1
Evoke: Wand              |       |       |     1 |    30 |     3 ||    34
  Use: Potion            |       |     4 |       |     1 |       ||     5
       Scroll            |       |       |     9 |     7 |     4 ||    20
 Stab: Sleeping          |    10 |    10 |    12 |    11 |       ||    43
       Distracted        |     1 |     1 |     4 |     4 |     1 ||    11
       Paralysed         |       |       |       |     3 |     9 ||    12
Armor: Skin              |     6 |     9 |     9 |    13 |     9 ||    46
Dodge: Dodged            |    54 |   103 |   234 |   260 |   115 ||   766
Block: Other             |       |       |     6 |    59 |    24 ||    89
       Buckler           |       |       |       |    20 |     6 ||    26
       Reflection        |       |       |       |     1 |       ||     1
       Kite shield       |       |       |       |       |    20 ||    20
